 Dungeon Crawl Stone Soup version 0.30-a0-389-g8d7d949f56 (webtiles) character file.

Game seed: 2828791175491897177

18126 funkygono the Thaumaturge (level 12, -6/77 HPs)
             Began as a Demonspawn Fire Elementalist on Dec 3, 2022.
             Was a High Priest of Vehumet.
             Hit by a large rock thrown by a cyclops (21 damage)
             ... on level 12 of the Dungeon.
             The game lasted 00:27:59 (13923 turns).

funkygono the Thaumaturge (DsFE)                   Turns: 13923, Time: 00:28:00

Health: -6/77      AC: 13    Str:  8    XL:     12   Next: 25%
Magic:  9/28       EV: 13    Int: 25    God:    Vehumet [*****.]
Gold:   2321       SH:  0    Dex: 15    Spells: 8/35 levels left

rFire   + . .      SeeInvis .    J - +9 mace (protect)
rCold   x . .      Faith    .    (no shield)
rNeg    . . .      Spirit   .    a - +0 robe
rPois   .          Reflect  .    A - +2 helmet
rElec   .          Harm     .    t - +2 cloak
rCorr   +          Rampage  .    f - +2 pair of gloves
Will    .....                    m - +1 pair of boots
Stlth   ++........               h - amulet of regeneration
HPRegen 1.12/turn                i - ring of fire
MPRegen 0.21/turn                z - ring of resist corrosion

@: lethally poisoned (-6 -> -14)
A: powered by death 1, spiny 2, big brain 2, weakness stinger 2
a: Renounce Religion


You were on level 12 of the Dungeon.
You worshipped Vehumet.
Vehumet was extremely pleased with you.
You visited 2 branches of the dungeon, and saw 13 of its levels.
You also visited: Bailey.

You collected 2321 gold pieces.

Inventory:

Hand Weapons
 b - a +3 dire flail of flaming
 e - a +0 vorpal whip
 s - a +2 quarterstaff of chaos
 u - a +2 flail of draining
 y - a +1 whip of venom
 G - a +4 mace of freezing
 H - a +4 falchion
 I - a +3 great sword of freezing
 J - a +9 mace of protection (weapon)
 N - a +3 scimitar of flaming
Armour
 a - a +0 robe (worn)
 f - a +2 pair of gloves (worn)
 g - a +1 cloak
 m - a +1 pair of boots (worn)
 t - a +2 cloak (worn)
 A - a +2 helmet (worn)
 K - a +2 ring mail of willpower
Jewellery
 h - an amulet of regeneration (around neck)
 i - a ring of fire (left hand)
 x - an amulet of reflection
 z - a ring of resist corrosion (right hand)
 C - a ring of protection from fire
 U - a +4 ring of evasion
 V - an amulet of the acrobat
Wands
 o - a wand of digging (7)
 q - a wand of mindburst (4)
 F - a wand of flame (19)
 M - a wand of polymorph (6)
 S - a wand of roots (2)
 T - a wand of charming (7)
 W - a wand of light (3)
Scrolls
 n - 3 scrolls of butterflies
 w - 3 scrolls of teleportation
 L - a scroll of enchant weapon
 P - 2 scrolls of amnesia
 Q - 3 scrolls of summoning
 R - a scroll of fear
Potions
 c - 3 potions of berserk rage
 d - 4 potions of haste
 j - 4 potions of lignification
 k - a potion of invisibility
 l - 6 potions of might
 p - 7 potions of curing
 r - 4 potions of flight
 v - 3 potions of heal wounds
 B - 2 potions of ambrosia
 D - a potion of attraction {unknown}
 E - 3 potions of resistance {unknown}
 O - a potion of mutation {unknown}
 X - a potion of degeneration {unknown}


   Skills:
 + Level 1.6 Fighting
 + Level 1.4 Maces & Flails
 + Level 3.7 Dodging
 - Level 1.7 Stealth
 + Level 12.1 Spellcasting
 + Level 8.5 Conjurations
 + Level 11.7 Fire Magic
 + Level 1.3 Poison Magic


You had 8 spell levels left.
You knew the following spells:

 Your Spells              Type           Power      Damage    Failure   Level
a - Foxfire               Conj/Fire      100%       2x1d9     1%          1
b - Scorch                Fire           100%       2d10      1%          2
c - Kindle Blastsparks    Fire/Tloc/Air  100%       2d18      1%          3
d - Flame Wave            Conj/Fire      78%        2d17      1%          4
e - Sandblast             Erth           30%        2d9       1%          1
f - Searing Ray           Conj           100%       2d8       1%          2
g - Fireball              Conj/Fire      39%        3d16      1%          5
h - Olgreb's Toxic Radia  Pois           21%        N/A       6%          4
i - Lightning Bolt        Conj/Air       18%        1d32      5%          5

Your spell library contained the following spells:

 Spells                   Type           Power      Damage    Failure   Level
 Iron Shot                Conj/Erth      18%        9d4       26%         6
 Inner Flame              Hex/Fire       61%        N/A       1%          3
 Starburst                Conj/Fire      39%        6d11      2%          6
 Sublimation of Blood     Necr           15%        N/A       6%          2
 Wereblood                Tmut           15%        N/A       6%          2
 Cause Fear               Hex            7%         N/A       36%         4
 Summon Hydra             Summ           7%         N/A       100%        7
 Discord                  Hex            7%         N/A       100%        8


Dungeon Overview and Level Annotations

Branches:
Dungeon (12/15)            Temple (1/1) D:4            Lair (0/5) D:9
    Orc (0/2) D:12         Bailey (visited)

Altars:
Ashenzari
Cheibriados
Dithmenos
Fedhas
Gozag
Hepliaklqana
Kikubaaqudgha
Makhleb
Nemelex Xobeh
Okawaru
Qazlal
Ru
Sif Muna
Trog
Uskayaw
Vehumet
Wu Jian
Xom
Yredelemnul

Shops:
D:7 *

Portals:
Trove: D:11 (give 6 scrolls of butterflies)

Annotations:
D:11 3 runed translucent doors, Voxish's ghost, novice GnHs


Innate Abilities, Weirdness & Mutations

You regenerate a little health from kills.
You are mostly covered in sharp spines.
You have an extremely huge brain. (Int +4)
You have a tail ending in a sharp stinger.


Message History

(Press . to intensify the flame waves.) Rupert hits you with a +4 battleaxe of venom!!
You are poisoned.
A wave of flame ripples out!
The flame wave engulfs Rupert!
Rupert is almost dead.
You feel extremely sick.
Rupert roars madly and goes into a rage!
Rupert goes berserk!
Unknown command.
A wave of flame ripples out!
The flame wave engulfs Rupert but does no damage.
Rupert is almost dead.
You feel very sick.
You hear a shout!
Rupert closely misses you.
A cyclops comes into view.
Casting: Flame Wave (safe; 1% risk of failure)
Confirm with . or Enter, or press ? or * to list all spells.
Restarting spell: Flame Wave (safe; 1% risk of failure)
Press: ? - help, Dir - look around, f - activate You feel a surge of power!
A wave of flame ripples out!
The flame wave engulfs Rupert!
Rupert is almost dead. (Press . to intensify the flame waves.)
You feel very sick.
Rupert hits you with a +4 battleaxe of venom!!
* * * LOW HITPOINT WARNING * * *
You are more poisoned.
Rupert is struck by your spines.
You kill Rupert!
Vehumet accepts your kill.
You feel your power returning.
A wave of flame ripples out!
You feel very sick.
Casting: Flame Wave (safe; 1% risk of failure)
Confirm with . or Enter, or press ? or * to list all spells.
Okay, then.
You feel very sick.
The cyclops throws a large rock.
The large rock hits you!!
You die...

#......## #.# ##......##
#C# +.......# #.#
#.....## #.#.# #....... #
#.#.# #####.## #.
####.#.# #.# .###.##)#.#
###.## ..#..@.#.# #.....
#.#.####.# #.....
#.##.#.####.########.....
#.........(..............
####.#.####.#############
...#.............
#######....#######
.......# #.###.#.##


You could see a cyclops.

Vanquished Creatures
  Rupert (D:12)
  Snorg (D:11)
  Erica (D:8)
  A two-headed ogre (D:11)
  Sonja (D:11)
  Lodul (D:12)
  3 orc knights (Bailey)
  3 slime creatures (D:12)
  A cyclops (D:11)
  A komodo dragon (D:10)
  2 trolls
  A shadow (D:7)
  Sigmund (D:3)
  A vampire (D:10)
  2 wyverns
  3 wraiths
  13 yaks
  2 steam dragons
  2 wargs (D:9)
  An acid dragon (D:9)
  A water moccasin (D:5)
  2 sky beasts
  4 black bears
  11 orc warriors
  An ice beast (D:6)
  11 ogres
  12 centaurs
  A phantom (D:6)
  2 kobold brigands (D:10)
  3 bullfrogs
  A necrophage (D:8)
  2 scorpions
  A gnoll sergeant (D:6)
  15 wights
  17 killer bees
  3 howler monkeys
  2 hounds
  Crazy Yiuf (D:3)
  A gnoll bouda (D:4)
  13 orc priests
  Jessica (D:3)
  5 iguanas
  8 orc wizards
  7 adders
  18 gnolls
  A shadow imp (D:8)
  3 white imps (D:7)
  2 ufetubi (D:7)
  A dart slug (D:5)
  2 worms
  59 orcs
  6 endoplasms
  5 giant cockroaches
  2 goblins (D:4)
  9 hobgoblins
  8 jackals
  17 kobolds
  3 quokkas
  8 ball pythons
  4 bats
  12 frilled lizards
  3 rats
330 creatures vanquished.

Vanquished Creatures (collateral kills)
  A foxfire (D:2)
1 creature vanquished.

Vanquished Creatures (others)
  824 foxfires
  2 fungi (D:3)
  8 plants (D:2)
834 creatures vanquished.

Grand Total: 1165 creatures vanquished

Notes
Turn   | Place    | Note
-------+----------+-------------------------------------------
     0 | D:1      | funkygono the Demonspawn Fire Elementalist began the quest
                  | for the Orb.
     0 | D:1      | Reached XP level 1. HP: 13/13 MP: 3/3
   137 | D:1      | Found a faded altar of an unknown god.
   384 | D:1      | Gained mutation: You regenerate a little health from kills.
                  | [demonic ancestry]
   384 | D:1      | Reached XP level 2. HP: 19/19 MP: 0/5
   387 | D:1      | Learned a level 2 spell: Scorch
  1409 | D:2      | Gained mutation: You have a small tail. [demonic ancestry]
  1409 | D:2      | Reached XP level 3. HP: 24/24 MP: 1/6
  1933 | D:2      | Learned a level 3 spell: Kindle Blastsparks
  2383 | D:3      | Reached XP level 4. HP: 30/30 MP: 4/7
  2552 | D:3      | Found a runed translucent door.
  2553 | D:3      | Noticed Crazy Yiuf
  2722 | D:3      | Noticed Jessica
  2726 | D:3      | Killed Jessica
  2913 | D:3      | Noticed Sigmund
  2918 | D:3      | Killed Sigmund
  2919 | D:3      | Reached skill level 3 in Spellcasting
  2919 | D:3      | Reached XP level 5. HP: 32/36 MP: 0/10
  2919 | D:3      | Gained mutation: You have an unusually large brain. (Int
                  | +2) [demonic ancestry]
  2919 | D:3      | Reached XP level 6. HP: 38/42 MP: 0/11
  3329 | D:3      | Killed Crazy Yiuf
  3400 | D:3      | Learned a level 4 spell: Flame Wave
  3725 | D:4      | Found a staircase to the Ecumenical Temple.
  3734 | Temple   | Entered the Ecumenical Temple
  3879 | Temple   | Became a worshipper of Vehumet
  4114 | D:4      | Reached skill level 5 in Fire Magic
  4120 | D:4      | Reached skill level 4 in Spellcasting
  4279 | D:4      | Reached XP level 7. HP: 47/47 MP: 10/13
  4663 | D:4      | Found a shimmering altar of Xom.
  5000 | D:5      | Entered Level 5 of the Dungeon
  5043 | D:5      | Noticed a steam dragon
  5095 | D:5      | Killed a steam dragon
  5096 | D:5      | Reached skill level 5 in Spellcasting
  5330 | D:5      | Gained mutation: You are partially covered in sharp spines.
                  | [demonic ancestry]
  5330 | D:5      | Reached XP level 8. HP: 53/53 MP: 8/16
  5412 | D:5      | Reached * piety under Vehumet
  5412 | D:5      | Offered knowledge of Sandblast by Vehumet.
  5418 | D:5      | Learned a level 1 spell: Sandblast
  5852 | D:5      | Reached skill level 6 in Spellcasting
  6644 | D:6      | Reached skill level 7 in Spellcasting
  6644 | D:6      | Gained mutation: You have an extremely huge brain. (Int +4)
                  | [demonic ancestry]
  6644 | D:6      | Reached XP level 9. HP: 50/58 MP: 8/19
  6729 | D:6      | Reached skill level 5 in Conjurations
  6729 | D:6      | Reached ** piety under Vehumet
  6729 | D:6      | Offered knowledge of Searing Ray by Vehumet.
  6814 | D:6      | Reached skill level 1 in Fighting
  6926 | D:5      | Learned a level 2 spell: Searing Ray
  6931 | D:6      | Reached skill level 8 in Spellcasting
  7902 | D:7      | Gained mutation: You are mostly covered in sharp spines.
                  | [demonic ancestry]
  7902 | D:7      | Reached XP level 10. HP: 66/66 MP: 12/22
  8056 | D:7      | Offered knowledge of Static Discharge by Vehumet.
  8565 | D:7      | Reached *** piety under Vehumet
  8566 | D:7      | Reached skill level 9 in Spellcasting
  8951 | D:7      | Found Mocuxt's General Store.
  9446 | D:8      | Noticed Erica
  9453 | D:8      | Killed Erica
  9519 | D:8      | Learned a level 5 spell: Fireball
 10123 | D:9      | Found a staircase to the Lair.
 10127 | D:9      | Offered knowledge of Olgreb's Toxic Radiance by Vehumet.
 10395 | D:9      | Reached skill level 10 in Spellcasting
 10626 | D:9      | Gained mutation: You have a tail ending in a sharp stinger.
                  | [demonic ancestry]
 10626 | D:9      | Reached XP level 11. HP: 71/71 MP: 13/25
 10984 | D:9      | Identified a scroll of acquirement
 10984 | D:9      | Acquired 1077 gold pieces
 10991 | D:9      | Learned a level 4 spell: Olgreb's Toxic Radiance
 11023 | D:10     | Entered Level 10 of the Dungeon
 11027 | D:10     | Reached **** piety under Vehumet
 11251 | D:10     | Reached skill level 10 in Fire Magic
 11375 | D:10     | Found a flagged portal.
 11444 | Bailey   | Entered a bailey
 11455 | Bailey   | Offered knowledge of Lightning Bolt by Vehumet.
 11597 | Bailey   | Reached skill level 1 in Maces & Flails
 11661 | Bailey   | Noticed an orc knight
 11662 | Bailey   | Noticed an orc knight
 11717 | Bailey   | Killed an orc knight
 11726 | Bailey   | Noticed an orc knight
 11728 | Bailey   | Killed an orc knight
 11740 | Bailey   | Killed an orc knight
 12071 | D:10     | Reached skill level 11 in Spellcasting
 12080 | D:10     | Reached ***** piety under Vehumet
 12479 | D:10     | Learned a level 5 spell: Lightning Bolt
 12501 | D:11     | Noticed Snorg
 12507 | D:11     | Killed Snorg
 12508 | D:11     | Reached skill level 1 in Poison Magic
 12517 | D:11     | Offered knowledge of Iron Shot by Vehumet.
 12641 | D:11     | Noticed a two-headed ogre
 12648 | D:11     | Killed a two-headed ogre
 12689 | D:11     | Found a runed translucent gate.
 12690 | D:11     | Found a runed translucent gate.
 12691 | D:11     | Found a runed translucent gate.
 12693 | D:11     | Noticed Voxish's ghost (novice GnHs)
 12849 | D:11     | Found a portal to a secret trove of treasure.
 13234 | D:11     | Noticed Sonja
 13242 | D:11     | Killed Sonja
 13627 | D:12     | Found a staircase to the Orcish Mines.
 13640 | D:12     | Reached XP level 12. HP: 39/77 MP: 14/27
 13647 | D:12     | Noticed Lodul
 13653 | D:12     | Killed Lodul
 13661 | D:12     | Reached skill level 12 in Spellcasting
 13909 | D:12     | Noticed Rupert
 13914 | D:12     | Paralysed by Rupert for 3 turns
 13921 | D:12     | Killed Rupert
 13923 | D:12     | Hit by a large rock thrown by a cyclops

Illustrated notes

Levels and vault maps discovered:
D:1:      dpeg_arrival_short_road, layout_basic,
          hellmonk_ecumenical_altar_inner_sanctum
D:2:      layout_loops_ring, minmay_lizard_king
D:3:      layout_loops_corners, uniq_crazy_yiuf_cottage, uniq_jessica,
          uniq_sigmund
D:4:      layout_basic, mainiacjoe_overflow_tiny_flanked,
          minmay_temple_entry_drinking_statues, nrook_mini_vaults
D:5:      layout_rooms, palyth_stone_intersect, grunt_ministairs_2,
          minmay_tree_intersection
D:6:      layout_cave_pools
D:7:      minmay_general_purpose_star, layout_layer_cave, serial_shops,
          nicolae_lakefront_shop
D:8:      layout_basic, uniq_erica
D:9:      layout_basic, erik_lair_orcish_takeover
D:10:     layout_loops_ring, enter_bailey_6
D:11:     layout_roguey, gammafunk_ghost_necromancy, enter_trove_2,
          hangedman_decor_diamond_cutter, uniq_snorg, uniq_sonja
D:12:     layout_basic, orc_0_dummy, uniq_rupert, uniq_jorgrun, uniq_urug,
          uniq_lodul
Temple:   roderic_octagonal_lattice_temple

Skill      XL: |  1  2  3  4  5  6  7  8  9 10 11 12 |
---------------+-------------------------------------+-----
Fire Magic     | 3 4 5 6 7 8 9 11 | 11.7
Dodging        | 2 3 |  3.7
Spellcasting   | 3 4 5 7 8 10 11 12 | 12.1
Conjurations   | 2 3 4 6 7 8 |  8.5
Fighting       | 1 |  1.6
Maces & Flails | 1 |  1.4
Poison Magic   | 1 |  1.3
Stealth        | |  1.7

Action                   |  1- 3 |  4- 6 |  7- 9 | 10-12 || total
-------------------------+-------+-------+-------+-------++-------
Melee: Whip              |    13 |       |       |       ||    13
       Mace              |       |       |     3 |    12 ||    15
       Tailslap          |       |       |       |     3 ||     3
 Cast: Foxfire           |    65 |    59 |   212 |   144 ||   480
       Scorch            |     7 |    10 |    41 |    59 ||   117
       Flame Wave        |       |       |     7 |    27 ||    34
       Fireball          |       |       |       |    32 ||    32
       Olgreb's Toxic Ra |       |       |       |     6 ||     6
       Kindle Blastspark |       |       |       |     1 ||     1
  Use: Scroll            |     5 |     3 |    11 |    17 ||    36
       Potion            |       |       |     1 |     3 ||     4
Armor: Robe              |    16 |     2 |    25 |    43 ||    86
Dodge: Dodged            |    28 |     5 |    30 |    76 ||   139

Table legend: (Time is in decaauts)
 A = Elapsed time spent in this place.
 B = Non-inter-level travel time spent in this place.
 C = Inter-level travel time spent in this place.
 D = Time resting spent in this place.
 E = Time spent auto-exploring this place.
 F = Levels seen in this place.
 G = Mean time per level.
                   A        B        C        D        E       F      G
               +--------+--------+--------+--------+--------+-----+--------+
         Total |  13933 |  13599 |    334 |    864 |  10537 |  14 |  995.2 |
       Dungeon |  13203 |  12892 |    311 |    801 |  10086 |  12 | 1100.2 |
        Temple |    293 |    270 |     23 |      0 |    244 |   1 |  293.0 |
        Bailey |    436 |    436 |      0 |     63 |    207 |   1 |  436.0 |
               +--------+--------+--------+--------+--------+-----+--------+

Top non-repeatable levels by time:
     D:7: 1672 daAuts
     D:3: 1537 daAuts
     D:5: 1392 daAuts
     D:4: 1360 daAuts
    D:10: 1041 daAuts
     D:1: 1007 daAuts
    D:11: 996 daAuts
     D:8: 990 daAuts
     D:2: 959 daAuts
     D:6: 915 daAuts
     D:9: 900 daAuts
  Bailey: 436 daAuts
    D:12: 428 daAuts
  Temple: 293 daAuts
